AoeStats
← MatzeAoE

Arena

505075089Analyzed
1v1 RM · 25d ago on Sep 7, 2026· 33m 22s· 2 players
Game mode
Random Map
Map size
Tiny (2 player)
Population
200
Speed
Normal
Resources
Standard
Victory
Conquest
Starting age
Dark Age
Ending age
Imperial Age
RankedLock teamsTeams togetherTeam positionsShared explorationLock speedFull tech treeHidden civsTurbo modeCheats
Victory
Defeat
🇨🇱 Wei · Chile
2120
+12
🇩🇪 Armenians · Germany
2039
-12
DGHIR | chanchilaru
7:30 Loom
10:06 Feudal Age
10:35 Double-Bit Axe
10:33 Horse Collar
14:40 Town Watch
17:45 Castle Age
17:37 Gold Mining
21:06 Wheelbarrow
20:22 Light Cavalry
21:22 Scale Barding Armor
25:20 Hand Cart
30:54 Imperial Age
29:42 Fletching
30:13 Bow Saw
33:36 Bodkin Arrow
MatzeAoE
6:50 Loom
11:43 Feudal Age
15:45 Castle Age
14:35 Double-Bit Axe
15:35 Horse Collar
16:44 Bow Saw
20:49 Wheelbarrow
21:38 Fervor
21:51 Sanctity
22:12 Pikeman
23:23 Gold Mining
26:03 Scale Mail Armor
28:35 Forging
28:44 Chain Mail Armor
32:40 Halberdier
Connection lost

Rejoining the realm…

Still unreachable

The connection could not be restored.

Session expired

The server has moved on; the page needs a fresh start.